cohdb
Replays
Latest Replays
All Replays
Popular Replays
Top Player Replays
Match Explorer
How It Works
Community
CoH3 Stats
Reddit
Sign in to upload your games and track your stats! →
Sign in with Steam
Match 43364113
Unlisted
Match 43364113
Overview
Messages
Build Orders
End
Construct Barracks
Engineer Squad
Selects Heavy Weapons
1⁄4-ton 4x4 Truck
Riflemen Squad
Riflemen Squad
Construct Medical Station
Construct Weapon Support Center
Bazooka Squad
Mechanized Support Center
M3 Armored Personnel Carrier
Designate Forward Repair Station
Selects M2HB .50cal Heavy Machine Gun
Selects Assault Carriers
Scout Squad
Construct Motor Pool
M8 Greyhound Armored Car
M1918 Browning Automatic Rifles
Improvised Armor
M24 Chaffee Light Tank
Selects Exchangeable Parts
Grenade Package
M24 Chaffee Light Tank
L'hermite
Anakin Jared
Stupa
Henerius
checki117
ManFrau
PattonsFinest
grapple.boi69
0
0
Comments
sign in to comment!
No comments posted yet!